 Dungeon Crawl Stone Soup version 0.28.0-53-g5a82cb258f (webtiles) character file.

Game seed: 1245914329834375298

118 Sin92 the Skirmisher (level 4, -5/35 HPs)
             Began as a Demonspawn Fighter on Aug 16, 2022.
             Killed by divine providence
             ... invoked by an orc priest
              (13 damage)
             ... on level 3 of the Dungeon.
             The game lasted 00:02:12 (2080 turns).

Sin92 the Skirmisher (Demonspawn Fighter)           Turns: 2080, Time: 00:02:13

Health: -5/35      AC:  7    Str: 15 (16) XL:     4   Next: 72%
Magic:  4/4        EV:  9    Int:  8 (10) God:
Gold:   86         SH:  4    Dex: 13 (16) Spells: 3/3 levels left

rFire   . . .      SeeInvis +   a - +0 long sword
rCold   . . .      Faith    .   c - +0 buckler
rNeg    . . .      Spirit   .   b - +0 scale mail
rPois   .          Reflect  .   (no helmet)
rElec   .          Harm     .   (no cloak)
rCorr   .          Rampage  .   (no gloves)
Will    .....                   (no boots)
Stlth   ..........              (no amulet)
HPRegen 0.11/turn               m - ring of see invisible
MPRegen 0.09/turn               (no ring)

@: brilliant, invisible
A: sharp scales 1, weakness stinger 1, agile 1, wild magic 1
a: no special abilities


You were on level 3 of the Dungeon.
You visited 1 branch of the dungeon, and saw 3 of its levels.

You collected 86 gold pieces.

Inventory:

Hand Weapons
 a - a +0 long sword (weapon)
Missiles
 d - a throwing net (quivered)
Armour
 b - a +0 scale mail (worn)
 c - a +0 buckler (worn)
Jewellery
 m - a ring of see invisible (left hand)
Scrolls
 g - 4 scrolls of identify {unknown}
 k - 2 scrolls of fear {unknown}
Potions
 f - a potion of brilliance
 l - a potion of attraction {unknown}


   Skills:
 + Level 3.5 Fighting
 + Level 2.3 Long Blades
 + Level 3.1 Armour
 * Level 2.1 Dodging
 + Level 3.2 Shields


You had 3 spell levels left.
You didn't know any spells.
Your spell library was empty.

Dungeon Overview and Level Annotations

Branches:
Dungeon (3/15)

Altars:


Innate Abilities, Weirdness & Mutations

You are partially covered in razor-sharp scales. (AC +1, Slay +1)
You have a small tail.
You are agile. (Dex +2)
Your spells are a little harder to cast, but a little more powerful.


Message History

It was a potion of invisibility.
You fade into invisibility!
The orc hits you but does no damage. The orc closely misses you.
The orc priest barely misses you. The adder bites you but does no damage.
You see here a scroll labelled EPTU ROLONT.
You hit the orc but do no damage. You block the orc's attack.
You hit the orc.
Your tail-slap misses the orc.
The orc is lightly wounded.
The orc barely misses you. The orc closely misses you.
You catch the helpless orc completely off-guard!
You slash the orc!
You kill the orc!
The orc priest calls down the wrath of Beogh upon the adder.
The adder writhes in agony.
The adder barely misses you.
You completely miss the adder.
The adder is moderately wounded.
The adder closely misses you. The adder barely misses you.
You slash the adder!
You kill the adder!
You slash the orc!
You kill the orc!
Items here: )) ? [[.
You slash the orc priest!
Your tail-slap misses the orc priest.
The orc priest is severely wounded.
You block the orc priest's attack.
You barely miss the orc priest.
The orc priest is severely wounded.
The orc priest hits you but does no damage.
The orc priest calls down the wrath of Beogh upon you.
Pain shoots through your body!
* * * LOW HITPOINT WARNING * * *
Unknown command.
You hit the orc priest.
The orc priest is severely wounded.
The orc priest hits you but does no damage.
You hit the orc priest.
The orc priest is almost dead.
The orc priest invokes the aid of Beogh against you.
Beogh smites you!
You die...

.....'........ #..
######......... #..
######.........##.###
...'.#..............
##.#.........#.....#
#.#####+##........# ##.#
#........##..######### ...#
#.#.#.##.##o)#........ ##'#
#.#.#.##..@....#######..
...####.#.#.##.##..#).........
........#.........)...††......
........##..#..##.......?.....
...............##.#.#.#.#.#.#.
.........#..##+##.............
##.##+##.##.... ..#.#.#.#.#.##
#.# #.##......$............
#........#.......#.#.#.#>#.#.


You could see an orc priest.

Vanquished Creatures
  3 gnolls (D:3)
  2 adders (D:3)
  2 dart slugs (D:1)
  8 orcs (D:3)
  3 endoplasms
  3 giant cockroaches
  7 goblins
  4 hobgoblins
  4 jackals (D:1)
  5 ball pythons (D:1)
  8 bats
  2 frilled lizards (D:3)
  A kobold (D:1)
  7 rats
59 creatures vanquished.

Notes
Turn   | Place    | Note
-------+----------+-------------------------------------------
     0 | D:1      | Sin92 the Demonspawn Fighter began the quest for the Orb.
     0 | D:1      | Reached XP level 1. HP: 18/18 MP: 1/1
   186 | D:1      | Gained mutation: You have a small tail. [demonic ancestry]
   186 | D:1      | Reached XP level 2. HP: 24/24 MP: 2/2
   391 | D:1      | Reached skill level 1 in Dodging
   603 | D:1      | Gained mutation: You are partially covered in razor-sharp
                  | scales. (AC +1, Slay +1) [demonic ancestry]
   603 | D:1      | Reached XP level 3. HP: 17/29 MP: 3/3
  1167 | D:2      | Found a faded altar of an unknown god.
  1621 | D:3      | Reached XP level 4. HP: 22/35 MP: 4/4
  2065 | D:3      | Gained mutation: Your natural rate of healing is unusually
                  | fast. [potion of mutation]
  2065 | D:3      | Gained mutation: Your spells are a little harder to cast,
                  | but a little more powerful. [potion of mutation]
  2065 | D:3      | Lost mutation: Your natural rate of healing is unusually
                  | fast. [potion of mutation]
  2065 | D:3      | Gained mutation: You are agile. (Dex +2) [potion of
                  | mutation]
  2080 | D:3      | Killed from afar by an orc priest

Illustrated notes

Levels and vault maps discovered:
D:1:      wander_arrival_estate, layout_loops_cross, serial_forest,
          infiniplex_forest_straight_2, infiniplex_forest_end_3,
          infiniplex_forest_straight_5, infiniplex_forest_clump_long,
          infiniplex_forest_zigzag_2, infiniplex_forest_corner_1,
          infiniplex_forest_zigzag_2
D:2:      layout_rooms, chequers_ecumenical_altar_simple,
          kennysheep_small_spiral
D:3:      layout_basic, st_stairs_10, minmay_misc_feat_encased

Skill      XL: |  1  2  3  4 |
---------------+-------------+-----
Long Blades    | 2 |  2.3
Dodging        | 1 2 |  2.1
Shields        | 3 |  3.2
Armour         | 3 |  3.1
Fighting       | |  3.5

Action                   |  1- 3 |  4- 6 || total
-------------------------+-------+-------++-------
Melee: Long sword        |   101 |    68 ||   169
       Tailslap          |     3 |     3 ||     6
  Use: Scroll            |     2 |       ||     2
       Potion            |     1 |     4 ||     5
 Stab: Invisible         |       |     1 ||     1
Armor: Scale mail        |    59 |    42 ||   101
Dodge: Dodged            |    64 |    48 ||   112
Block: Buckler           |    29 |    25 ||    54
